 Dungeon Crawl Stone Soup version 0.24-a0-487-g57318f2ed0 (webtiles) character file.

Game seed: 6371851028511951994

112 forest the Sneak (level 4, -2/23 HPs)
             Began as a Spriggan Assassin on July 10, 2019.
             Slain by a gnoll
             ... wielding a +0 halberd
              (10 damage)
             ... on level 2 of the Dungeon.
             The game lasted 00:04:48 (2628 turns).

forest the Sneak (Spriggan Assassin)                Turns: 2628, Time: 00:04:49

Health: -2/23      AC:  3    Str:  8    XL:     4   Next: 63%
Magic:  5/5        EV: 18    Int: 12    God:
Gold:   69         SH:  0    Dex: 17    Spells: 3/3 levels left

rFire    . . .     SeeInvis +   q - +0 hunting sling
rCold    . . .     Gourm    .   (shield restricted)
rNeg     . . .     Faith    .   b - +0 robe
rPois    .         Spirit   .   (helmet restricted)
rElec    .         Reflect  .   c - +0 cloak
rCorr    .         Harm     .   (gloves unavailable)
MR       .....                  (boots unavailable)
Stlth    ++++......             (no amulet)
HPRegen  0.07/turn              (no ring)
MPRegen  0.09/turn              (no ring)

@: very quick
A: very small, unfitting armour, see invisible, herbivore, speed 3, slow
metabolism 2
a: no special abilities


You were on level 2 of the Dungeon.
You were not hungry.

You visited 1 branch of the dungeon, and saw 2 of its levels.

You collected 69 gold pieces.

Inventory:

Hand Weapons
 a - a +2 dagger
 q - a +0 hunting sling (weapon)
Missiles
 d - a poisoned dart
 e - a curare-tipped dart
 o - 64 stones (quivered)
Armour
 b - a +0 robe (worn)
 c - a +0 cloak (worn)
Scrolls
 i - 2 scrolls of remove curse {unknown}
 j - a scroll of fear {unknown}
 m - a scroll of amnesia {unknown}
 r - 4 scrolls of identify {unknown}
Potions
 g - a potion of degeneration {unknown}
 h - a potion of heal wounds {unknown}
 k - a potion of brilliance {unknown}
 l - 2 potions of haste {unknown}
 n - a potion of curing {unknown}
 p - 2 potions of cancellation {unknown}
Comestibles
 f - 2 rations


   Skills:
 + Level 1.7 Fighting
 + Level 3.4 Short Blades
 + Level 2.2 Throwing
 + Level 2.5 Dodging
 + Level 7.6 Stealth


You had 3 spell levels left.
You didn't know any spells.
Your spell library was empty.

Dungeon Overview and Level Annotations

Branches:
Dungeon (2/15)

Altars:
Ashenzari


Innate Abilities, Weirdness & Mutations

You are very small and have problems with some larger weapons.
You are too small for most types of armour.
You have supernaturally acute eyesight. (SInv)
You are a herbivore.
You cover ground extremely quickly.
You need to consume almost no food.


Message History

Press: ? - help, Shift-Dir - straight line, f/p - gnoll
Aim: a gnoll, wielding a +0 halberd (severely wounded)
You shoot a stone. The stone hits the gnoll.
The gnoll is almost dead.
Firing (i - inventory. (/) - cycle)
o - 67 stones (quivered)
Press: ? - help, Shift-Dir - straight line, f/p - gnoll
Aim: a gnoll, wielding a +0 halberd (almost dead)
You shoot a stone. The stone barely misses the gnoll.
Firing (i - inventory. (/) - cycle)
o - 66 stones (quivered)
Press: ? - help, Shift-Dir - straight line, f/p - gnoll
Aim: a gnoll, wielding a +0 halberd (severely wounded)
You shoot a stone. The stone barely misses the gnoll.
Firing (i - inventory. (/) - cycle)
o - 65 stones (quivered)
Press: ? - help, Shift-Dir - straight line, f/p - gnoll
Aim: a gnoll, wielding a +0 halberd (severely wounded)
You shoot a stone.
The stone hits the gnoll but does no damage.
The gnoll is severely wounded.
The gnoll hits you from afar with a +0 halberd!
You die...

#...#.# #.##... #...#.#
#.##### #...'.# #########.#
#...### #.........# # #...#
##.############# ###.#####
#....).........'
####.....######..#######g...##
#.....##......#..# #....##
#....)##.(#..@#..### #....##
#...g.<#..#.#..g...#####....##
#.....##.g#.#....(..(((.######
#..[..'g....#.....##'##.## #
#.....#####.......#...#..### #
###########'#.....#........#
#..........##.....##.#.##
#..........#⌠.##'##.⌠#..##
#..........#.........#....


You could see a gnoll.

Vanquished Creatures
  Jessica (D:2)
  2 gnolls (D:2)
  An adder (D:2)
  A dart slug (D:1)
  2 leopard geckos (D:1)
  6 bats
  2 giant cockroaches (D:2)
  4 goblins
  9 hobgoblins
  9 jackals
  A quokka (D:2)
  A frilled lizard (D:1)
  5 kobolds
  4 rats
48 creatures vanquished.

Notes
Turn   | Place    | Note
-------+----------+-------------------------------------------
     0 | D:1      | forest the Spriggan Assassin began the quest for the Orb.
     0 | D:1      | Reached XP level 1. HP: 10/10 MP: 2/2
    35 | D:1      | Reached skill level 6 in Stealth
   614 | D:1      | Reached XP level 2. HP: 9/14 MP: 3/3
  1052 | D:1      | Reached XP level 3. HP: 14/18 MP: 4/4
  1126 | D:1      | Reached skill level 7 in Stealth
  1519 | D:2      | Noticed Jessica
  1544 | D:2      | Killed Jessica
  1544 | D:2      | Reached XP level 4. HP: 9/22 MP: 5/5
  1796 | D:2      | Found a shattered altar of Ashenzari.
  2628 | D:2      | Slain by a gnoll

Levels and vault maps discovered:
D:1:      matt_arrival_los_fun, layout_basic, minivault_25
D:2:      layout_basic, evilmike_ruin_ashenzari, minmay_misc_feat_chi,
          uniq_jessica, uniq_crazy_yiuf_cottage, uniq_robin

Skill      XL: |  1  2  3 |
---------------+----------+-----
Stealth        | 6 7 |  7.6
Short Blades   | 3 |  3.4
Dodging        | 2 |  2.5
Fighting       | |  1.7
Throwing       | |  2.2

Action                   |  1- 3 |  4- 6 || total
-------------------------+-------+-------++-------
Melee: Dagger            |   100 |    66 ||   166
 Fire: Hunting sling     |       |    10 ||    10
Throw: Dart              |     9 |    12 ||    21
 Stab: Sleeping          |    13 |       ||    13
Armor: Robe              |    12 |    10 ||    22
Dodge: Dodged            |    94 |    46 ||   140

Table legend:
 A = Non-vault XP
 B = Vault XP
 C = Vault XP percentage of total XP
 D = Non-vault monster count
 E = Vault monster count
 F = Vault count percentage of total count
                 A         B        C        D         E       F
            +---------+---------+-------+---------+---------+-------
      Total |     123 |      37 |  23.1 |      47 |       1 |   2.1
            +---------+---------+-------+---------+---------+-------
        D:1 |      56 |       0 |   0.0 |      30 |       0 |   0.0
        D:2 |      67 |      37 |  35.6 |      17 |       1 |   5.6
            +---------+---------+-------+---------+---------+-------
